 Dungeon Crawl Stone Soup version 0.29-a0-384-g6960b1960d (webtiles) character file.

Game seed: 1854412135735746352

25 zeratav the Changer (level 3, -2/23 HPs)
             Began as an Octopode Transmuter on May 7, 2022.
             Slain by a gnoll
             ... wielding a +0 club
              (6 damage)
             ... on level 1 of the Dungeon.
             The game lasted 00:00:40 (472 turns).

zeratav the Changer (Octopode Transmuter)            Turns: 472, Time: 00:00:40

Health: -2/23      AC:  1    Str:  9    XL:     3   Next: 4%
Magic:  6/6        EV: 13    Int: 17    God:
Gold:   19         SH:  0    Dex: 12    Spells: 5/6 levels left

rFire   . . .      SeeInvis .     - Unarmed
rCold   . . .      Faith    .   (no shield)
rNeg    . . .      Spirit   .   (helmet restricted)
rPois   .          Reflect  .   (no amulet)
rElec   .          Harm     .   (no ring)
rCorr   .          Rampage  .   (no ring)
Will    .....                   (no ring)
Stlth   ++........              (no ring)
HPRegen 0.07/turn               (no ring)
MPRegen 0.10/turn               (no ring)
                                (no ring)
                                (no ring)

@: no status effects
A: almost no armour, amphibious, 8 rings, camouflage 1, gelatinous body 1,
(nimble swimmer 1), tentacles
a: no special abilities


You were on level 1 of the Dungeon.
You visited 1 branch of the dungeon, and saw 1 of its levels.

You collected 19 gold pieces.


Innate Abilities, Weirdness & Mutations

You cannot wear most types of armour.
You are amphibious.
You can wear up to eight rings at the same time.
Your skin changes colour to match your surroundings (Stealth+).
Your rubbery body absorbs attacks. (AC +1, EV +1)
((You are camouflaged when in or above water. (Stealth+)))
You have tentacles for arms and can constrict up to eight enemies at once.


   Skills:
 - Level 1.0 Fighting
 - Level 2.0 Dodging
 - Level 3.0 Unarmed Combat
 - Level 2.0 Spellcasting
 + Level 3.4 Transmutations


You had 5 spell levels left.
You knew the following spells:

 Your Spells              Type           Power      Damage    Failure   Level
a - Beastly Appendage     Tmut           26%        N/A       4%          1

Your spell library contained the following spells:

 Spells                   Type           Power      Damage    Failure   Level
 Wereblood                Tmut           13%        N/A       7%          2
 Spider Form              Tmut/Pois      7%         N/A       28%         3
 Ice Form                 Ice/Tmut       7%         N/A       67%         4

Inventory:

Scrolls
 d - a scroll of magic mapping {unknown}
 f - a scroll of poison {unknown}
Potions
 a - 3 potions of lignification {!q}
 b - a potion of cancellation {unknown}
 c - a potion of invisibility {unknown}
 e - 2 potions of degeneration {unknown}

Dungeon Overview and Level Annotations

Branches:
Dungeon (1/15)

Altars:

≈≈≈≈≈≈≈≈ #.............#
≈≈≈≈≈≈≈≈
#.............#≈≈≈≈≈≈≈>.
#.............#≈≈≈≈≈≈..<
..?.......... #≈≈≈≈≈.≈≈≈
............ #≈≈≈≈≈.≈≈≈
.........$# #≈≈≈≈≈.≈≈≈
.>....†...# #≈≈≈8≈≈.≈≈
......g@..# ####≈≈≈≈≈≈.≈
........†.###....≈≈≈≈≈.≈
.................#≈≈≈.≈≈
.................###.###
.................# #.#
.................# #.#
.................# #.#
.................# #..
.$.............# ##.


You could see a gnoll.


Message History

Increase (S)trength, (I)ntelligence, or (D)exterity?
You feel clever. x2
HP[+5]
You now have 23 max hp (+5).
Your hp is fully restored (23).
Your transformation is almost over.
Your tentacle spike disappears.
f - a scroll labelled TOUC NUBICHIETA MP[+2]
Your mp is fully restored (6).
A ball python comes into view.
A ball python is nearby!
One of your tentacles grows a vicious spike.
The ball python hisses angrily.
A quokka comes into view.
MP[-1]
You lost 1 mp, and now have 5/6 mp.
A ball python comes into view.
You barely miss the ball python. Your grab misses the ball python.
The ball python bites you. The ball python closely misses you.
HP[-1]
You take 1 damage, and now have 22/23 hp.
You tentacle-slap the ball python but do no damage.
You grab the ball python.
You pierce the ball python, but do no damage.
You squeeze the ball python.
You kill the ball python!
A gnoll comes into view. It is wielding a +0 club.
Found an escape hatch in the floor.
Your transformation is almost over.
The gnoll shouts!
The ball python barely misses you. The ball python closely misses you.
The quokka barely misses you.
You miss the quokka. Your grab misses the quokka.
Your squeeze misses the quokka.
The ball python bites you but does no damage.
The ball python barely misses you. The quokka bites you.
The ball python barely misses you. The ball python grabs you.
The ball python constricts you.
HP[-3]
You take 3 damage, and now have 19/23 hp.
You barely miss the ball python. You grab the ball python.
You constrict the ball python. The quokka barely misses you.
The ball python misses you. The ball python constricts you.
HP[-1]
You take 1 damage, and now have 18/23 hp.
You tentacle-slap the ball python.
You kill the ball python!
The quokka bites you.
HP[-2] MP[+1]
You take 2 damage, and now have 16/23 hp.
Your mp is fully restored (6).
You are too injured to fight recklessly!
You are too injured to fight recklessly!
You are too injured to fight recklessly!
You are too injured to fight recklessly!
You are too injured to fight recklessly!
You are too injured to fight recklessly!
You are too injured to fight recklessly!
You are too injured to fight recklessly!
You are too injured to fight recklessly!
You are too injured to fight recklessly!
You are too injured to fight recklessly!
You are too injured to fight recklessly!
You are too injured to fight recklessly!
You are too injured to fight recklessly!
You are too injured to fight recklessly!
You are too injured to fight recklessly!
You are too injured to fight recklessly!
You are too injured to fight recklessly!
You are too injured to fight recklessly!
You are too injured to fight recklessly!
You tentacle-slap the quokka but do no damage.
Your grab misses the quokka.
You pierce the quokka, but do no damage.
Your squeeze misses the quokka. The quokka barely misses you.
You completely miss the quokka. You grab the quokka.
You constrict the quokka, but do no damage.
The quokka twitches its whiskers.
The quokka closely misses you. The gnoll barely misses you.
The quokka barely misses you.
You tentacle-slap the quokka but do no damage.
You constrict the quokka. The gnoll closely misses you. The quokka bites you.
HP[-2]
You take 2 damage, and now have 14/23 hp.
You tentacle-slap the gnoll. Your grab misses the gnoll.
Your squeeze misses the gnoll. You constrict the quokka.
The gnoll hits you with a +0 club.
* * * LOW HITPOINT WARNING * * *
The quokka bites you.
* * * LOW HITPOINT WARNING * * *
HP[-10]
You take 10 damage, and now have 4/23 hp.
MASSIVE DAMAGE!! (PAUSE)
You tentacle-slap the gnoll but do no damage.
You grab the gnoll.
You pierce the gnoll.
Your tentacle spike disappears.
You constrict the gnoll. You constrict the quokka.
You kill the quokka!
The gnoll hits you with a +0 club.
You die...

Skill      XL: |  1  2 |
---------------+-------+-----
Transmutations | 3 |  3.4
Fighting       | |  1.0
Dodging        | |  2.0
Unarmed Combat | |  3.0
Spellcasting   | |  2.0

Action                   || total
-------------------------++-------
Melee: Unarmed           ||    48
       Constrict         ||    16
       Tentacles         ||    11
       Kick              ||    14
 Cast: Beastly Appendage ||     5
 Stab: Sleeping          ||     2
Armor: Skin              ||     2
Dodge: Dodged            ||    38

Levels and vault maps discovered:
D:1:      nzn_arrival_water_spiral, layout_basic,
          shapermc_ecumenical_altar_flowoftime, kennysheep_minor_cross

Notes
Turn   | Place    | Note
-------+----------+-------------------------------------------
     0 | D:1      | zeratav the Octopode Transmuter began the quest for the
                  | Orb.
     0 | D:1      | Reached XP level 1. HP: 13/13 MP: 3/3
     0 | D:1      | magus.rc [v1.9.6]
    42 | D:1      | Reached XP level 2. HP: 16/18 MP: 5/5
   209 | D:1      | Reached skill level 3 in Transmutations
   374 | D:1      | Reached XP level 3. HP: 23/23 MP: 4/6
   471 | D:1      | HP: 4/23 [quokka (5)]
   472 | D:1      | Slain by a gnoll

Vanquished Creatures
  A dart slug (D:1)
  4 ball pythons (D:1)
  2 endoplasms (D:1)
  2 goblins (D:1)
  3 hobgoblins (D:1)
  4 jackals (D:1)
  2 quokkas (D:1)
  2 kobolds (D:1)
20 creatures vanquished.

Table legend:
 A = Non-vault XP
 B = Vault XP
 C = Vault XP percentage of total XP
 D = Non-vault monster count
 E = Vault monster count
 F = Vault count percentage of total count
                 A         B        C        D         E       F
            +---------+---------+-------+---------+---------+-------
      Total |      38 |       0 |   0.0 |      20 |       0 |   0.0
            +---------+---------+-------+---------+---------+-------
        D:1 |      38 |       0 |   0.0 |      20 |       0 |   0.0
            +---------+---------+-------+---------+---------+-------

Illustrated notes

Table legend:
 A = Kills in this place as a percentage of kills in entire the game.
 B = Kills by you in this place as a percentage of kills by you in the entire game.
 C = Kills by friends in this place as a percentage of kills by friends in the entire game.
 D = Other kills in this place as a percentage of other kills in the entire game.
 E = Experience gained in this place as a percentage of experience gained in the entire game.
 F = Experience gained in this place divided by the number of levels of this place that you have seen.
                   A       B       C       D       E      F
               +-------+-------+-------+-------+-------+----------------------
         Total | 100.0 | 100.0 |   N/A |   N/A | 100.0 |  38.0
       Dungeon | 100.0 | 100.0 |   N/A |   N/A | 100.0 |  38.0
               +-------+-------+-------+-------+-------+----------------------

Table legend: (Time is in decaauts)
 A = Elapsed time spent in this place.
 B = Non-inter-level travel time spent in this place.
 C = Inter-level travel time spent in this place.
 D = Time resting spent in this place.
 E = Time spent auto-exploring this place.
 F = Levels seen in this place.
 G = Mean time per level.
                   A        B        C        D        E       F      G
               +--------+--------+--------+--------+--------+-----+--------+
         Total |    469 |    469 |      0 |      0 |    369 |   1 |  469.0 |
       Dungeon |    469 |    469 |      0 |      0 |    369 |   1 |  469.0 |
               +--------+--------+--------+--------+--------+-----+--------+

Top non-repeatable levels by time:
     D:1: 469 daAuts
